Map: Dash and Terminal LE (Void)

Players

Krispee

  • Race: Terran Terran
  • League: Silver

Crimson - Winner!

  • Race: Zerg Zerg
  • League: Silver

VOD

Have the link to the VOD?

Description

Time

  • Played on: Oct. 20, 2015, 2:31 p.m.
  • Length: 8:29
Show
View Real Time Build Order
Export as new Build Order

Krispee Terran 

Build Orders:  

Get SALT Encoding   

  12  0:02  SCV  
  14  0:14  SCV  
  14  0:21  Supply Depot  
  14  0:26  SCV  
  15  0:35  Refinery  
  15  0:44  Barracks  
  15  0:45  SCV  
  16  0:57  SCV  
  17  1:10  SCV  
  18  1:12  Refinery  
  18  1:22  SCV  
  20  1:35  Supply Depot  
  20  1:36  Reaper  
  20  1:39  Orbital Command  
  20  1:55  Factory  
  20  2:04  SCV  
  21  2:16  SCV  
  21  2:18  Marine  
  23  2:28  SCV  
  24  2:41  SCV  
  25  2:53  SCV  
  27  3:08  Factory Tech Lab  
  27  3:09  Starport  
  26  3:14  Supply Depot, Barracks Tech Lab  
  26  3:28  SCV  
  26  3:34  Siege Tank  
  26  3:39  Marauder  
  26  3:40  SCV  
  32  3:45  Medivac  
  34  3:53  Command Center  
  34  3:57  Concussive Shells  
  34  4:00  Marauder  
  36  4:08  Liberator  
  36  4:21  Factory Tech Lab  
  39  4:32  Marauder  
  41  4:46  Siege Tank  
  44  4:53  Marauder  
  46  5:29  Orbital Command  
  46  5:32  Siege Tank  
  46  5:33  Marauder  
  51  5:37  Supply Depot  
  51  5:42  Unknown  
  51  5:54  Marauder  
  51  5:55  Orbital Command  
  53  6:00  Supply Depot  
  53  6:12  Supply Depot  
  51  6:39  Bunker  
  48  7:00  Barracks  
  44  7:04  SCV x2, Barracks  
  46  7:09  Bunker  
  43  7:16  SCV x2  
  45  7:28  SCV  
  46  7:34  Raven  
  48  7:37  SCV  
  48  7:40  SCV, Refinery  
  38  8:08  Barracks Reactor x2  
Show
View Real Time Build Order
Export as new Build Order

Crimson Zerg - Winner!

Build Orders: Hatch First 

Get SALT Encoding   

  12  0:01  Drone  
  13  0:09  Drone  
  14  0:18  Overlord  
  14  0:28  Drone, Extractor  
  14  0:30  Drone, Extractor  
  16  0:36  Drone  
  17  0:45  Drone  
  18  1:00  Hatchery  
  17  1:09  Drone x2  
  19  1:23  Spawning Pool  
  18  1:40  Hatchery  
  18  1:42  Drone  
  18  1:44  Drone  
  18  1:46  Drone  
  20  1:56  Overlord  
  20  2:06  Drone  
  21  2:15  Queen  
  23  2:18  Spine Crawler  
  23  2:20  Queen  
  24  2:27  Drone x2  
  24  2:29  Drone  
  27  2:39  Spine Crawler  
  24  3:03  Drone x6  
  28  3:18  Drone x4  
  32  3:39  Queen  
  34  3:42  Drone x4  
  34  3:47  Drone  
  39  3:48  Extractor  
  39  3:49  Drone  
  39  3:50  Spine Crawler, Extractor  
  39  3:51  Drone  
  39  3:53  Drone  
  39  3:55  Drone  
  40  3:59  Overlord  
  40  4:08  Queen  
  42  4:12  Overlord  
  42  4:22  Drone x8  
  50  4:31  Drone x5  
  50  4:34  Drone  
  50  4:37  Overlord  
  56  4:51  Extractor  
  56  4:52  Extractor  
  54  4:53  Drone x4, Extractor  
  54  4:54  Drone, Extractor  
  54  5:19  Queen  
  54  5:20  Spore Crawler  
  55  5:36  Drone x3  
  55  5:37  Drone x3, Overlord x2  
  55  5:39  Lair  
  55  5:40  Metabolic Boost  
  61  5:42  Baneling Nest  
  61  5:48  Evolution Chamber  
  59  5:50  Evolution Chamber  
  58  6:22  Zergling x20  
  58  6:23  Zergling x16  
  58  6:24  Queen  
  76  6:37  Zergling x2  
  76  6:38  Zergling x10  
  56  7:18  Zergling x18  
  63  7:29  Infestation Pit, Queen  
  62  7:30  Spire  
  62  7:31  Drone x3  
  62  7:35  Zergling x6  
  62  7:36  Zergling x8  
  73  7:41  Zergling x2  
  72  7:45  Zergling x2  
  72  7:46  Zergling x2  
  67  8:12  Drone  
  67  8:13  Drone x10  
Tags
 
Add a new tag
Caveats
  • Supply blocks, unpowered buildings, or Contaminate may cause inaccurate times.
  • Supply counts are checked every 10 seconds.